 Dungeon Crawl Stone Soup version 0.29-a0-559-g359e09b9d1 (webtiles) character file.

Game seed: 61095749718636792

23 zishaf the Gusty (level 2, 0/16 HPs)
             Began as a Tengu Air Elementalist on June 10, 2022.
             Slain by a goblin
             ... wielding a +0 club
              (4 damage)
             ... on level 1 of the Dungeon.
             The game lasted 00:02:10 (1518 turns).

zishaf the Gusty (Tengu Air Elementalist)           Turns: 1518, Time: 00:02:10

Health: 0/16       AC:  2    Str:  8    XL:     2   Next: 95%
Magic:  3/6        EV: 12    Int: 15    God:
Gold:   50         SH:  0    Dex: 14    Spells: 2/5 levels left

rFire   . . .      SeeInvis .   c - +2 dagger (freeze)
rCold   . . .      Faith    .   (no shield)
rNeg    . . .      Spirit   .   a - +0 robe
rPois   .          Reflect  .   (helmet restricted)
rElec   .          Harm     .   (no cloak)
rCorr   .          Rampage  .   (no gloves)
Will    .....                   (boots unavailable)
Stlth   ++........              (no amulet)
HPRegen 0.05/turn               (no ring)
MPRegen 0.10/turn               (no ring)

@: no status effects
A: beak, talons 3
a: no special abilities


You were on level 1 of the Dungeon.
You visited 1 branch of the dungeon, and saw 2 of its levels.

You collected 50 gold pieces.

Inventory:

Hand Weapons
 c - a +2 dagger of freezing (weapon)
Armour
 a - a +0 robe (worn)
Jewellery
 h - a ring of ice
Scrolls
 e - a scroll of summoning {unknown}
 g - a scroll of silence {unknown}
Potions
 b - a potion of magic
 d - a potion of curing {unknown}
 f - 2 potions of degeneration {unknown}
 i - a potion of heal wounds {unknown}
 j - a potion of cancellation {unknown}


   Skills:
 + Level 1.2 Fighting
 - Level 2.1 Dodging
 - Level 2.0 Stealth
 - Level 2.0 Spellcasting
 + Level 2.4 Conjurations
 + Level 4.5 Air Magic


You had 2 spell levels left.
You knew the following spells:

 Your Spells              Type           Power      Damage    Failure   Level
a - Shock                 Conj/Air       44%        1d5       5%          1
A - Static Discharge      Conj/Air       11%        N/A       9%          2

Your spell library contained the following spells:

 Spells                   Type           Power      Damage    Failure   Level
 Swiftness                Air            15%        N/A       11%         3
 Airstrike                Air            7%         N/A       34%         4


Dungeon Overview and Level Annotations

Branches:
Dungeon (2/15)

Altars:


Innate Abilities, Weirdness & Mutations

You have a beak for a mouth.
You have claws for feet.


Message History

The zap hits the worm.
The worm is moderately wounded.
Unknown command.
Casting: Shock (safe; 5% risk of failure)
Confirm with . or Enter, or press ? or * to list all spells.
Aiming: Shock (safe; 5% risk of failure)
Press: ? - help, Shift-Dir - straight line, f/p - worm
Aim: a worm (moderately wounded, 89% to hit)
The zap hits the worm.
The worm is moderately wounded.
A hobgoblin comes into view.
Found 21 stones.
The hobgoblin shouts!
A dart slug comes into view.
The dart slug launches a dart at you. The slug dart hits you.
The dart slug launches a dart at you. The slug dart misses you.
The hobgoblin misses you.
A rat comes into view.
Found a stone staircase leading up.
The dart slug launches a dart at you. The slug dart hits you.
The hobgoblin attacks as you move away! The hobgoblin barely misses you.
Found 5 atropa-tipped darts.
Found 12 gold pieces.
The dart slug launches a dart at you. The slug dart hits you.
You see here 21 stones.
The goblin attacks as you move away! The goblin hits you with a +0 club.
* * * LOW HITPOINT WARNING * * *
The hobgoblin attacks as you move away! The hobgoblin barely misses you.
There is a stone staircase leading up here.
The hobgoblin barely misses you. The goblin closely misses you.
You climb upwards.
There is a stone staircase leading down here.
You hit the hobgoblin. You freeze the hobgoblin.
Your kick misses the hobgoblin.
The hobgoblin is almost dead.
The goblin hits you with a +0 club.
You die...

####### #.# ### #.# #.#
#### #.# ...# #.#
########### #..# #.###
#.........# #..# ##.#.##
#.#######.# ##
#..#######...#.####.#####
#.# #.
............###g@g......#
#.# #.
#..#######...#.####.###.#
#.# #. #..# ##.#.## #.#
#.# #.# #. ...# #.###
#.###.###.# #. ..## #.#
#.........# #. ### ##+##
#####.##### #. ##...##
#####.#### ##. ###
##.....## #........# #..
#.## ##.......##
#.#.#.##.# #..


You could see a hobgoblin and a goblin.

Vanquished Creatures
  4 endoplasms (D:1)
  A giant cockroach (D:1)
  4 goblins
  A hobgoblin (D:1)
  2 kobolds (D:1)
  2 ball pythons
  2 bats
  2 frilled lizards (D:1)
  3 rats (D:1)
21 creatures vanquished.

Notes
Turn   | Place    | Note
-------+----------+-------------------------------------------
     0 | D:1      | zishaf the Tengu Air Elementalist began the quest for the
                  | Orb.
     0 | D:1      | Reached XP level 1. HP: 10/10 MP: 4/4
   434 | D:1      | Found a faded altar of an unknown god.
   487 | D:1      | Reached XP level 2. HP: 16/16 MP: 3/6
   490 | D:1      | Learned a level 2 spell: Static Discharge
   941 | D:1      | Reached skill level 1 in Fighting
  1518 | D:1      | Slain by a goblin

Illustrated notes

Levels and vault maps discovered:
D:1:      giann_horns, layout_loops_corners,
          hellmonk_ecumenical_altar_arch_garden
D:2:      layout_rooms

Skill      XL: |  1  2 |
---------------+-------+-----
Conjurations   | 2 |  2.4
Fighting       | 1 |  1.2
Dodging        | |  2.1
Stealth        | |  2.0
Spellcasting   | |  2.0
Air Magic      | |  4.5

Action                   || total
-------------------------++-------
Melee: Dagger            ||     9
       Kick              ||     2
 Cast: Shock             ||    44
 Stab: Sleeping          ||     1
Armor: Robe              ||     3
Dodge: Dodged            ||    11

Table legend: (Time is in decaauts)
 A = Elapsed time spent in this place.
 B = Non-inter-level travel time spent in this place.
 C = Inter-level travel time spent in this place.
 D = Time resting spent in this place.
 E = Time spent auto-exploring this place.
 F = Levels seen in this place.
 G = Mean time per level.
                   A        B        C        D        E       F      G
               +--------+--------+--------+--------+--------+-----+--------+
         Total |   1517 |   1513 |      4 |     53 |   1293 |   2 |  758.5 |
       Dungeon |   1517 |   1513 |      4 |     53 |   1293 |   2 |  758.5 |
               +--------+--------+--------+--------+--------+-----+--------+

Top non-repeatable levels by time:
     D:1: 1399 daAuts
     D:2: 118 daAuts
